 Dungeon Crawl Stone Soup version 0.30.0-29-ga12c61a403 (webtiles) character file.

Game seed: 882907095079577860

10 ChadusMaximus the Caller (level 2, -2/19 HPs)
             Began as a Barachi Summoner on June 24, 2023.
             Frozen to death by an endoplasm (3 damage)
             ... on level 1 of the Dungeon.
             The game lasted 00:00:57 (284 turns).

ChadusMaximus the Caller (Barachi Summoner)          Turns: 284, Time: 00:00:57

Health: -2/19      AC:  2    Str:  9    XL:     2   Next: 20%
Magic:  2/5        EV: 12    Int: 15    God:
Gold:   27         SH:  0    Dex: 12    Spells: 4/5 levels left

rFire   . . .        (no weapon)
rCold   . . .        (no shield)
rNeg    . . .        a - +0 robe
rPois   .            (no helmet)
rElec   .            (no cloak)
rCorr   .            (no gloves)
SInv    .            (no boots)
Will    .....        (no amulet)
Stlth   ++           (no ring)
HPRegen 0.23/turn    (no ring)
MPRegen 0.09/turn

%: no passive effects
@: slow
A: amphibious, slowness 1, strong legs 1, +LOS
a: Hop


You were on level 1 of the Dungeon.
You visited 1 branch of the dungeon, and saw 1 of its levels.

You collected 27 gold pieces.

Inventory:

Armour
 a - a +0 robe (worn)
Potions
 b - a potion of magic
 c - a potion of might {unknown}


   Skills:
 - Level 2.2 Dodging
 - Level 1.8 Stealth
 + Level 2.4 Spellcasting
 * Level 5.2 Summonings


You had 4 spell levels left.
You knew the following spells:

 Your Spells              Type           Power      Damage    Failure   Level
a - Summon Small Mammal   Summ           68%        N/A       2%          1

Your spell library contained the following spells:

 Spells                   Type           Power      Damage    Failure   Level
 Call Imp                 Summ           34%        N/A       3%          2
 Call Canine Familiar     Summ           17%        N/A       8%          3
 Summon Guardian Golem    Hex/Summ       9%         N/A       22%         3
 Summon Lightning Spire   Summ/Air       9%         N/A       58%         4


Dungeon Overview and Level Annotations

Branches:
Dungeon (1/15)

Altars:


Innate Abilities, Weirdness & Mutations

You are amphibious.
You cover ground slowly.
You can hop short distances.
You have an extended range of vision and can be seen from far away.


Message History

* * * LOW HITPOINT WARNING * * *
The bat barely misses you. The bat hits your rat.
Your rat misses the frilled lizard. The bat misses you.
Your magical contamination has completely faded away.
The frilled lizard attacks as you move away!
The frilled lizard barely misses you. The bat closely misses you.
The bat hits you.
* * * LOW HITPOINT WARNING * * *
Your quokka misses the frilled lizard. The endoplasm misses your quokka.
Your quokka bites the frilled lizard.
The frilled lizard dies!
There are no items here.
There are no items here.
There are no items here.
The bat hits you.
* * * LOW HITPOINT WARNING * * *
The bat misses you. The endoplasm barely misses your rat.
Your quokka barely misses the bat.
The bat misses your rat. The bat hits your rat.
Your rat dies!
Your rat's corpse disappears in a puff of smoke!
Your quokka closely misses the bat.
Unknown command.
The bat hits you but does no damage. The bat closely misses your quokka.
Your quokka bites the bat but does no damage.
The bat closely misses you. The bat hits your quokka.
Your quokka barely misses the bat.
The bat misses you. The endoplasm hits you.
* * * LOW HITPOINT WARNING * * *
The bat barely misses you.
Your quokka misses the bat.
The bat hits your quokka but does no damage.
The endoplasm hits you.
* * * LOW HITPOINT WARNING * * *
Your quokka misses the bat.
Unknown command.
Casting: Summon Small Mammal (safe; 2% risk of failure)
Confirm with . or Enter, or press ? or * to list all spells.
The bat hits you but does no damage. The bat closely misses you.
The endoplasm freezes you.
You are frozen.
You die...

#.#. ##. h######.#.#...
#####... ........
##...#..#####.....### #.......
#...$...... ....... #.....#
:.... #.r#####.# ...
#bJ......# #.# ##@########
#.####### #...# ##.......#
#.r.# #........## ##...#
#.........# #....# #..hh.#...#
#....###### # .. ##..).##8.8#
#8.8......#.#....
........#.#####.#.............
##......#.#.#.#.#......#.#....


You could see an endoplasm, a bat (ally target), a friendly quokka (summoned)
and a friendly rat (summoned).

Vanquished Creatures
  A ball python (D:1)
  An endoplasm (D:1)
  A giant cockroach (D:1)
  A goblin (D:1)
4 creatures vanquished.

Vanquished Creatures (collateral kills)
  A dart slug (D:1)
  A giant cockroach (D:1)
  A frilled lizard (D:1)
3 creatures vanquished.

Grand Total: 7 creatures vanquished

Notes
Turn   | Place    | Note
-------+----------+-------------------------------------------
     0 | D:1      | ChadusMaximus the Barachi Summoner began the quest for the
                  | Orb.
     0 | D:1      | Reached XP level 1. HP: 13/13 MP: 3/3
   179 | D:1      | Reached skill level 5 in Summonings
   182 | D:1      | Reached XP level 2. HP: 6/19 MP: 1/5
   284 | D:1      | Frozen to death by an endoplasm

Illustrated notes

Levels and vault maps discovered:
D:1:      psy_arrival_basics, layout_loops_cross

Skill      XL: |  1 |
---------------+----+-----
Summonings     | 5 |  5.2
Dodging        | |  2.2
Stealth        | |  1.8
Spellcasting   | |  2.4

Action                     || total
---------------------------++-------
  Melee: Unarmed           ||    50
   Cast: Summon Small Mamm ||    12
    Use: Scroll            ||     1
   Stab: Sleeping          ||     2
         Distracted        ||     1
 Armour: Robe              ||    21
  Dodge: Dodged            ||    68
